 Dungeon Crawl Stone Soup version 0.26.1-10-gdfb7c7de75 (webtiles) character file.

Game seed: 13144894326428694624

3243 Descartes the Magician (level 9, -3/45 HPs)
             Began as a Deep Elf Hedge Wizard on Apr 2, 2021.
             Was an Initiate of Gozag.
             Slain by a troll (13 damage)
             ... on level 8 of the Dungeon.
             The game lasted 00:24:41 (12347 turns).

Descartes the Magician (Deep Elf Hedge Wizard)     Turns: 12347, Time: 00:24:41

Health: -3/45      AC:  9    Str:  7    XL:     9   Next: 67%
Magic:  19/30      EV: 14    Int: 23    God:    Gozag
Gold:   648        SH:  0    Dex: 14    Spells: 8/21 levels left

rFire    . . .     SeeInvis .   P - +3 dagger (chaos)
rCold    . . .     Faith    .   (no shield)
rNeg     . . .     Spirit   .   S - +0 leather armour
rPois    +         Reflect  .   c - +0 hat
rElec    .         Harm     .   q - +2 cloak
rCorr    .         Rampage  .   j - +0 pair of gloves
Will     .....                  w - +1 pair of boots
Stlth    +++.......             (no amulet)
HPRegen  0.15/turn              o - ring of magical power
MPRegen  0.22/turn              p - ring of poison resistance

@: no status effects
A: no striking features
a: Renounce Religion, Potion Petition, Call Merchant, Bribe Branch


You were on level 8 of the Dungeon.
You worshipped Gozag.
Gozag was pleased with you.
You visited 2 branches of the dungeon, and saw 9 of its levels.

You collected 851 gold pieces.
You paid 203 gold pieces to Gozag.

Inventory:

Hand Weapons
 A - a +1 dagger of speed
 P - a +3 dagger of chaos (weapon)
Missiles
 d - 53 poisoned darts
 e - 123 bolts
 h - 180 stones
 n - 76 arrows
 u - 30 sling bullets
 F - 5 javelins
 Q - 2 boomerangs
Armour
 c - a +0 hat (worn)
 j - a +0 pair of gloves (worn)
 q - a +2 cloak (worn)
 w - a +1 pair of boots (worn)
 S - a +0 leather armour (worn)
Jewellery
 b - an uncursed ring of protection from cold
 k - an uncursed ring of positive energy
 l - an uncursed ring of protection from cold
 o - a ring of magical power (left hand)
 p - a ring of poison resistance (right hand)
 y - an uncursed ring of wizardry
Wands
 K - a wand of iceblast (20)
 M - a wand of digging (4)
 U - a wand of enslavement (7)
 V - a wand of flame (20)
Scrolls
 m - 15 scrolls of identify {unknown}
 r - 2 scrolls of fear {unknown}
 t - a scroll of enchant weapon {unknown}
 C - 8 scrolls of teleportation {unknown}
 E - 5 scrolls of magic mapping {unknown}
 G - 2 scrolls of enchant armour {unknown}
 H - a scroll of amnesia {unknown}
 L - 3 scrolls of fog {unknown}
 N - a scroll of immolation {unknown}
 O - a scroll of summoning {unknown}
 R - 2 scrolls of remove curse
Potions
 a - 2 potions of might {unknown}
 f - 8 potions of curing {unknown}
 g - a potion of brilliance {unknown}
 i - a potion of cancellation {unknown}
 s - 5 potions of haste
 v - 2 potions of attraction {unknown}
 x - a potion of mutation {unknown}
 z - a potion of invisibility {unknown}
 B - 2 potions of ambrosia {unknown}
 D - a potion of degeneration {unknown}
 I - 2 potions of flight {unknown}
 J - 5 potions of heal wounds {unknown}
 T - a potion of magic {unknown}


   Skills:
 + Level 3.2 Short Blades
 - Level 5.0 Dodging
 - Level 5.0 Stealth
 + Level 6.8 Spellcasting
 + Level 6.2 Conjurations
 + Level 2.4 Hexes
 - Level 1.1 Summonings
 - Level 5.0 Translocations
 + Level 2.0 Fire Magic
 - Level 5.0 Air Magic
 - Level 5.0 Poison Magic
 - Level 5.0 Evocations


You had 8 spell levels left.
You knew the following spells:

 Your Spells              Type           Power        Failure   Level
a - Magic Dart            Conj           100%         1%          1
b - Blink                 Tloc           N/A          2%          2
c - Mephitic Cloud        Conj/Pois/Air  32%          3%          3
d - Inner Flame           Hex/Fire       18%          14%         3
e - Dazzling Flash        Conj/Hex       54%          6%          3
f - Foxfire               Conj/Fire      100%         2%          1

Your spell library contained the following spells:

 Spells                   Type           Power        Failure   Level
 Corona                   Hex            20%          4%          1
 Conjure Flame            Conj/Fire      26%          6%          3
 Slow                     Hex            18%          7%          2
 Portal Projectile        Hex/Tloc       48%          8%          3
 Ensorcelled Hibernation  Hex/Ice        26%          11%         2
 Animate Skeleton         Necr           14%          12%         1
 Pain                     Necr           28%          12%         1
 Call Imp                 Summ           12%          12%         2
 Confusing Touch          Hex            18%          13%         3
 Tukima's Dance           Hex            18%          13%         3
 Sticky Flame             Conj/Fire      26%          22%         4
 Vampiric Draining        Necr           3%           34%         3
 Cause Fear               Hex            9%           41%         4
 Fireball                 Conj/Fire      13%          52%         5
 Leda's Liquefaction      Hex/Erth       6%           58%         4
 Animate Dead             Necr           3%           75%         4
 Agony                    Necr           7%           97%         5


Dungeon Overview and Level Annotations

Branches:
Dungeon (8/15)             Temple (1/1) D:7
   Lair: D:8-11

Altars:
Ashenzari
Cheibriados
Dithmenos
Elyvilon
Fedhas
Gozag
Hepliaklqana
Kikubaaqudgha
Makhleb
Okawaru
Qazlal
Sif Muna
Trog
Uskayaw
Vehumet
Wu Jian
Xom
Zin
The Shining One
Beogh

Shops:
D:6 (


Message History

Press: ? - help, Shift-Dir - straight line, f/p - troll
Aim: a troll (heavily wounded, 0% to evade)
The magic dart hits the troll.
The troll is severely wounded.
The troll barely misses you. The troll closely misses you. The troll claws you!
Unknown command.
Casting: Magic Dart (safe; 1% risk of failure)
Confirm with . or Enter, or press ? or * to list all spells.
Aiming: Magic Dart (safe; 1% risk of failure)
Press: ? - help, Shift-Dir - straight line, f/p - troll
Aim: a troll (severely wounded, 0% to evade)
The magic dart hits the troll.
The troll is severely wounded.
The troll bites you.
* * * LOW HITPOINT WARNING * * *
The troll claws you.
* * * LOW HITPOINT WARNING * * *
The troll claws you!
You die...
Your body crumbles into a pile of gold.

.#. ...........#####..## ....
...........##......##
.........)..............##
###.####..........####....####
##.....##.####....#####.....#.#
#.......#.## #.......##...##.##
#.......#..###............###.#
...._.........#...........###.#
#.......#......T@########..#####
#.......#....)...# ##..##.#
##.....##.#...##..# ##.##.##
####.####.#..####.# ##.##.#
..........#.## ..# ##.#.#
............# #.# ##..#
#..........## .. ##.#
....######.. #.. ### ...## ##.


You could see a troll.

Vanquished Creatures
  Grinder (D:3)
  Eustachio (D:4)
  An orc warrior (D:7)
  An ice beast (D:7)
  2 sky beasts
  A necrophage (D:6)
  8 ogres
  A phantom (D:8)
  2 bullfrogs
  3 scorpions
  2 water moccasin skeletons (D:6)
  A wight (D:6)
  2 howler monkeys
  A bullfrog zombie (D:5)
  3 hounds
  4 orc priests
  2 quasits (D:8)
  An iguana (D:8)
  5 jellies
  5 orc wizards
  A centaur skeleton (D:8)
  A bullfrog skeleton (D:8)
  Natasha (thrice) (D:2)
  3 worker ants
  A mummy (D:6)
  7 adders
  4 shadow imps
  4 white imps
  3 ufetubi
  An ooze (D:2)
  An adder skeleton (D:5)
  6 worms
  8 dart slugs
  7 leopard geckos
  33 orcs
  10 giant cockroaches
  6 goblins
  6 hobgoblins
  11 jackals
  6 quokkas
  5 ball pythons
  17 bats
  7 frilled lizards
  A jackal skeleton (D:5)
  8 kobolds
  A leopard gecko skeleton (D:5)
  A leopard gecko zombie (D:5)
  13 rats
222 creatures vanquished.

Notes
Turn   | Place    | Note
-------+----------+-------------------------------------------
     0 | D:1      | Descartes the Deep Elf Hedge Wizard began the quest for the
                  | Orb.
     0 | D:1      | Reached XP level 1. HP: 10/10 MP: 7/7
   237 | D:1      | Reached XP level 2. HP: 15/15 MP: 4/9
   439 | D:1      | Reached skill level 5 in Spellcasting
   827 | D:1      | Reached XP level 3. HP: 19/19 MP: 8/11
  1581 | D:2      | Learned a level 2 spell: Blink
  1585 | D:2      | Learned a level 3 spell: Mephitic Cloud
  1879 | D:2      | Reached XP level 4. HP: 24/24 MP: 13/13
  2271 | D:2      | Noticed Natasha
  2275 | D:2      | Killed Natasha
  2276 | D:2      | Reached skill level 1 in Poison Magic
  2430 | D:2      | Reached skill level 1 in Air Magic
  2509 | D:2      | Noticed Natasha
  2515 | D:2      | Killed Natasha
  2516 | D:2      | Reached XP level 5. HP: 28/28 MP: 14/14
  2649 | D:2      | Noticed Natasha
  2652 | D:2      | Killed Natasha
  2827 | D:3      | Found a hazy altar of Hepliaklqana.
  2873 | D:3      | Noticed Grinder
  2874 | D:3      | Paralysed by Grinder for 3 turns
  2906 | D:3      | Paralysed by Grinder for 2 turns
  2917 | D:3      | Killed Grinder
  2918 | D:3      | Reached skill level 5 in Conjurations
  2918 | D:3      | Reached XP level 6. HP: 24/32 MP: 12/15
  3592 | D:3      | Found a stormy altar of Qazlal.
  4008 | D:4      | Noticed Eustachio
  4022 | D:4      | Killed Eustachio
  4023 | D:4      | Reached XP level 7. HP: 36/36 MP: 12/16
  5751 | D:5      | Entered Level 5 of the Dungeon
  6320 | D:5      | Reached XP level 8. HP: 41/41 MP: 17/17
  7697 | D:6      | Reached skill level 5 in Translocations
  7697 | D:6      | Reached skill level 5 in Poison Magic
  7697 | D:6      | Reached skill level 1 in Evocations
  7724 | D:6      | Found a snail-covered altar of Cheibriados.
  7938 | D:6      | Reached skill level 5 in Air Magic
  8160 | D:6      | Found Sapusur's Antique Weapon Boutique.
  8220 | D:6      | Found a runed translucent door.
  8257 | D:6      | Reached skill level 5 in Stealth
  8337 | D:6      | Reached skill level 5 in Dodging
  8621 | D:6      | Found a shimmering altar of Xom.
  8636 | D:6      | Reached XP level 9. HP: 45/45 MP: 17/18
  9291 | D:6      | Reached skill level 5 in Evocations
  9483 | D:6      | Found a roughly hewn altar of Beogh.
  9560 | D:7      | Reached skill level 1 in Short Blades
  9650 | D:7      | Found an iron altar of Okawaru.
  9650 | D:7      | Found a glowing silver altar of Zin.
  9768 | D:7      | Found a staircase to the Ecumenical Temple.
  9796 | Temple   | Entered the Ecumenical Temple
 10036 | Temple   | Became a worshipper of Gozag Ym Sagoz the Greedy
 11215 | D:7      | Found a shadowy altar of Dithmenos.
 11226 | D:7      | Learned a level 3 spell: Inner Flame
 11230 | D:7      | Learned a level 3 spell: Dazzling Flash
 11232 | D:7      | Learned a level 1 spell: Foxfire
 11767 | D:7      | Reached skill level 1 in Hexes
 11767 | D:7      | Reached skill level 1 in Fire Magic
 11972 | D:8      | Found a shimmering blue altar of Sif Muna.
 12336 | D:8      | Noticed a troll
 12347 | D:8      | Slain by a troll

Illustrated notes

Levels and vault maps discovered:
D:1:      amcnicky_arrival_abandoned_market, layout_loops_ring
D:2:      layout_basic, minmay_heptomino_l4, uniq_natasha
D:3:      layout_basic, nicolae_overflow_hidden_temple, lemuel_crystal_altar,
          uniq_grinder
D:4:      layout_basic, minmay_between, uniq_eustachio
D:5:      cheibrodos_barr_body, layout_layer_cave, minmay_crystal_room,
          kennysheep_path_1, grunt_ministairs_10
D:6:      layout_cave_pools, slow_altar_1, tgw_xom, serial_park,
          serial_park_square3 [serial_park_minivault_5x5_8], serial_park_tiny_2,
          serial_park_fountain, serial_park_square3
          [serial_park_minivault_5x5_2], serial_park_square3
          [serial_park_minivault_5x5_2], serial_shops, kennysheep_mini_moat,
          minmay_misc_feat_plants, lightli_church_of_beogh
D:7:      layout_basic, nicolae_dithmenos_through_a_glass_darkly,
          chequers_temple_overflow_statue_of_worship, temple_pool_b,
          glass_columns_a
D:8:      layout_layer_cave, nicolae_overflow_crystal_walls, old_standard_altar
Temple:   bh_familiar_temple

Skill      XL: |  1  2  3  4  5  6  7  8  9 |
---------------+----------------------------+-----
Conjurations   | 2 3 4 5 6 |  6.2
Spellcasting   | 5 6 |  6.8
Poison Magic   | 1 3 4 5 |  5.0
Air Magic      | 1 2 3 4 5 |  5.0
Translocations | 2 3 4 5 |  5.0
Stealth        | 3 5 |  5.0
Dodging        | 5 |  5.0
Evocations     | 4 5 |  5.0
Short Blades   | 3 |  3.2
Hexes          | 2 |  2.4
Fire Magic     | 2 |  2.0
Summonings     | |  1.1

Action                   |  1- 3 |  4- 6 |  7- 9 || total
-------------------------+-------+-------+-------++-------
 Cast: Magic Dart        |   120 |   127 |   554 ||   801
       Blink             |       |       |     2 ||     2
       Mephitic Cloud    |       |       |    10 ||    10
  Use: Scroll            |       |     2 |       ||     2
Armor: Robe              |    14 |     9 |    43 ||    66
       Leather armour    |       |       |    19 ||    19
Dodge: Dodged            |    13 |    13 |   126 ||   152
